 Dungeon Crawl Stone Soup version 0.20-a0-267-g4a7ec2a (webtiles) character file.

97997 PurpleRed the Fencer (level 16, 0/111 HPs)
             Began as a Halfling Fighter on Dec 6, 2016.
             Was the Champion of Okawaru.
             Slain by a 20-headed hydra (6 damage)
             ... on level 6 of the Lair of Beasts.
             The game lasted 01:21:36 (29415 turns).

PurpleRed the Fencer (Halfling Fighter)            Turns: 29415, Time: 01:21:36

Health: 0/111      AC: 41    Str: 24    XL:     16   Next: 71%
Magic:  20/20      EV: 14    Int: 14    God:    Okawaru [******]
Gold:   902        SH: 10    Dex: 18    Spells: 6/15 levels left

rFire  . . .     SeeInvis .     b - +4 scimitar (freeze)
rCold  . . .     Gourm    .     j - +8 orange crystal plate armour {Archmagi, Int+3 Clar}
rNeg   + . .     Faith    .     B - +2 buckler {reflect}
rPois  +         Spirit   .     J - +2 hat {MR+}
rElec  .         Reflect  +     i - +0 cloak
rCorr  +         Harm     .     L - +3 pair of gauntlets of War {Slay+5}
MR     ++...     Clarity  +     Y - +2 pair of boots {Fly}
Stlth  ..........               O - amulet of magic regeneration
                                V - ring of resist corrosion
                                I - ring of Xom's Flight of Fancy {rPois rN+ Str+4 Int+5}

@: flying
A: mutation resistance 1
a: Heroism, Finesse, Renounce Religion, Stop Flying


You were on level 6 of the Lair of Beasts.
You worshipped Okawaru.
Okawaru was exalted by your worship.
You were full.

You visited 4 branches of the dungeon, and saw 23 of its levels.
You also visited: Labyrinth and Volcano.

You collected 2481 gold pieces.
You spent 1579 gold pieces at shops.

Inventory:

Hand Weapons
 a - a +2 double sword of protection
 b - a +4 scimitar of freezing (weapon)
 v - a +1 rapier of flaming
Missiles
 H - a throwing net (quivered)
Armour
 i - a +0 cloak (worn)
 j - the +8 orange crystal plate armour (worn) {Archmagi, Int+3 Clar}
   (You took it off a minotaur in a labyrinth)

   It affects your intelligence (+3).
   It protects you against confusion.
 u - a +1 helmet of see invisible
 B - a +2 buckler of reflection (worn)
 J - a +2 hat of magic resistance (worn)
 L - the +3 pair of gauntlets of War (worn) {Slay+5}
   (You bought it in a shop on level 2 of the Orcish Mines)

   It affects your accuracy and damage with ranged weapons and melee attacks
   (+5).
 S - the +7 plate armour of Vovum {rN+ Stlth+}
   (Okawaru gifted it to you on level 12 of the Dungeon)

   It protects you from negative energy.
   It makes you more stealthy.
 Y - a +2 pair of boots of flying (worn)
 Z - a +2 plate armour of fire resistance
Rods
 k - a +0 rod of shadows (13/13)
   (You found it on level 14 of the Dungeon)
Jewellery
 c - an uncursed ring of protection from cold
 q - an uncursed ring of protection from fire
 I - the ring of Xom's Flight of Fancy (left hand) {rPois rN+ Str+4 Int+5}
   (You found it on level 8 of the Dungeon)

   [ring of strength]

   It affects your strength (+4).
   It affects your intelligence (+5).
   It protects you from poison.
   It protects you from negative energy.
 O - an amulet of magic regeneration (around neck)
 V - a ring of resist corrosion (right hand)
Wands
 d - a wand of lightning (4/15)
 o - a wand of hasting (5/9)
 p - a wand of iceblast (9/15)
 N - a wand of acid (3/15)
 U - a wand of slowing (7/48)
 X - a wand of paralysis (15/24)
Scrolls
 t - 5 scrolls of teleportation
 x - 15 scrolls of remove curse
 y - 4 scrolls of blinking
 C - 4 scrolls of magic mapping
 E - a scroll of enchant armour
 P - 6 scrolls of identify
 Q - 4 scrolls of enchant weapon
 R - a scroll of fog
Potions
 e - 9 potions of curing
 n - a potion of cancellation
 s - 5 potions of brilliance
 w - 3 potions of agility
 z - a potion of invisibility
 A - 3 potions of heal wounds
 D - 4 potions of haste
 F - a potion of berserk rage
 G - a potion of might
 K - 3 potions of ambrosia
 W - a potion of resistance
Miscellaneous
 M - a lamp of fire
 T - a sack of spiders
Comestibles
 f - 13 bread rations
 h - 11 meat rations
 m - 11 beef jerkies
 r - 8 royal jellies


   Skills:
 + Level 10.6 Fighting
 - Level 17.2 Long Blades
 + Level 11.9 Armour
 - Level 12.9 Dodging
 - Level 11.3 Shields
 - Level 6.1 Invocations


You had 6 spell levels left.
You knew the following spells:

 Your Spells              Type           Power        Failure   Level  Hunger
a - Apportation           Tloc           #.........   100%        1    ##.....
b - Confusing Touch       Hex            #.....       100%        1    ##.....
c - Passwall              Tmut/Erth      #.........   100%        2    ###....
d - Regeneration          Chrm/Necr      #.........   100%        3    ####...
e - Repel Missiles        Chrm/Air       #.....       100%        2    ###....


Dungeon Overview and Level Annotations

Branches:
Dungeon (14/15)            Temple (1/1) D:5            Lair (6/6) D:8
  Swamp (0/4) Lair:4       Spider (0/4) Lair:3        Slime (0/5) Lair:6
    Orc (2/2) D:12            Elf (0/3) Orc:2        Vaults (0/5) D:13

Altars:
Ashenzari
Cheibriados
Dithmenos
Elyvilon
Fedhas
Gozag
Hepliaklqana
Kikubaaqudgha
Makhleb
Nemelex Xobeh
Okawaru
Qazlal
Ru
Sif Muna
Trog
Uskayaw
Vehumet
Xom
Yredelemnul
Zin
The Shining One
Beogh

Shops:
D:2 *   D:4 *   D:5 [   Orc:1 [   Orc:2 [!=*


Innate Abilities, Weirdness & Mutations

You are small and have problems with some larger weapons.
You are somewhat resistant to further mutation.


Message History

The komodo dragon barely misses you.
The komodo dragon bites you but does no damage.
You chop one of the 19-headed hydra's heads off!
The 18-headed hydra grows two more!
You slash the 20-headed hydra! You freeze the 20-headed hydra.
The 20-headed hydra is almost dead.
The komodo dragon bites you but does no damage.
You block the komodo dragon's attack. You block the 20-headed hydra's attack.
The 20-headed hydra misses you.
The 20-headed hydra bites you but does no damage.
The 20-headed hydra closely misses you. The 20-headed hydra barely misses you.
The 20-headed hydra bites you.
* * * LOW HITPOINT WARNING * * *
The 20-headed hydra bites you but does no damage. x2
The 20-headed hydra misses you.
The 20-headed hydra bites you but does no damage.
The 20-headed hydra bites you.
* * * LOW HITPOINT WARNING * * *
The 20-headed hydra bites you.
You die...

#*******≈≈*##....[...............
*≈≈≈≈≈≈≈≈** *............##......
≈≈≈,,≈≈≈*** **,..........P#..#...
≈,,,,,≈≈≈≈#****#.........##..##P.
,,,,,,,,≈≈≈S** ###.......#..#....
,,,,,,,,,....###*##............#P
,≈≈≈≈,,,,.......###......#..#..##
≈≈≈≈≈≈,,,......D...............#
≈≈≈≈≈≈≈≈*§....9l@...........#..##
******,≈≈#....9l###.......P#..P##
*,,,,**,≈#....t#*##........######
,,,,,,*,≈......,*#........#.##P##
,,,,,,*≈§.....,**#.........#.....
,,,,,,*≈*.....,*,##..............
,,,,,,*≈≈#...,,,**#..............
*,,,,**≈≈##..*8*8*#..............
**++**≈≈≈≈********#.......##.#..P


You could see a 20-headed hydra, a fire crab, 2 komodo dragons, 2 molten
gargoyles and a lava snake.

Vanquished Creatures
  Rupert (Orc:2)
  An orc warlord (Orc:2)
  A stone giant (Orc:2)
  A red draconian (Volcano)
  A minotaur (Lab)
  An ogre mage (Volcano)
  8 vault guards (D:13)
  Fannar (Lair:1)
  Erolcha (D:12)
  7 hydras
  2 centaur warriors
  5 death yaks
  A tengu warrior (D:14)
  4 orc high priests (Orc:2)
  Sonja (D:10)
  An unseen horror (D:9)
  A wizard (D:14)
  8 hill giants
  6 orc knights
  4 oklob plants (Lair:3)
  5 orc sorcerers
  4 cyclopes
  2 manticores
  7 slime creatures
  6 ugly things
  6 elephants (Lair:6)
  14 black mambas
  10 spiny frogs
  5 centaur skeletons
  A gargoyle (D:14)
  4 rime drakes
  5 komodo dragons
  A tengu conjurer (D:14)
  10 trolls
  A queen bee (Lair:3)
  15 blink frogs
  A jumping spider (Lair:3)
  14 two-headed ogres
  7 hippogriffs
  Sigmund (D:2)
  2 redbacks (Lab)
  A wraith (D:13)
  5 wyverns
  5 basilisks
  3 fire bats (Lair:3)
  37 yaks
  4 vampires
  7 vampire mosquitoes
  5 wargs
  Menkaure (D:4)
  Edmund (D:4)
  25 water moccasins
  3 soldier ants
  58 orc warriors
  7 porcupines
  4 black bears
  A sky beast (D:6)
  An eye of draining (D:13)
  6 ice beasts
  3 phantoms
  4 centaurs
  19 ogres
  3 necrophages
  5 wolves (Lair:5)
  15 crocodiles
  19 bullfrogs
  A water moccasin zombie (D:8)
  3 scorpions
  19 killer bees
  8 wights
  5 howler monkeys
  8 crimson imps
  2 bullfrog zombies
  A centaur zombie (D:7)
  3 jellies
  36 orc priests
  Crazy Yiuf (D:2)
  6 hounds
  4 bullfrog skeletons
  4 iguanas
  Terence (D:2)
  6 hell rats (Lair:4)
  Natasha (thrice) (D:2)
  33 orc wizards
  15 worker ants
  A hound skeleton (D:4)
  A worker ant zombie (D:3)
  4 gnolls
  11 adders
  4 shadow imps
  2 oozes
  2 adder zombies
  4 adder skeletons
  3 worms
  A dart slug (D:1)
  8 leopard geckos
  132 orcs
  A ball python (D:2)
  5 giant cockroaches
  7 goblins
  8 hobgoblins
  18 jackals
  8 kobolds
  6 quokkas
  5 bats
  4 frilled lizards
  A jackal skeleton (D:6)
  3 quokka skeletons
  10 rats
  A plant (Lair:3)
828 creatures vanquished.

Vanquished Creatures (others)
  Nessos (Lair:6)
  An orc (Orc:2)
  3 fungi
  A plant (Lair:3)
6 creatures vanquished.

Grand Total: 834 creatures vanquished

Notes
Turn   | Place    | Note
-------+----------+-------------------------------------------
     0 | D:1      | PurpleRed the Halfling Fighter began the quest for the Orb.
     0 | D:1      | Reached XP level 1. HP: 15/15 MP: 1/1
    81 | D:1      | Reached XP level 2. HP: 20/20 MP: 2/2
   400 | D:1      | Reached XP level 3. HP: 22/26 MP: 3/3
   410 | D:1      | Reached skill level 3 in Long Blades
  1288 | D:2      | Found a faded altar of an unknown god.
  1327 | D:2      | Noticed Terence
  1335 | D:2      | Killed Terence
  1335 | D:2      | Reached XP level 4. HP: 30/31 MP: 4/4
  1725 | D:2      | Noticed Natasha
  1730 | D:2      | Reached skill level 4 in Long Blades
  1758 | D:2      | Killed Natasha
  1758 | D:2      | Reached XP level 5. HP: 20/36 MP: 5/5
  1889 | D:2      | Found an opulent altar of Gozag.
  1889 | D:2      | Found Gozag's Platinum Reserve.
  2058 | D:2      | Noticed Natasha
  2066 | D:2      | Killed Natasha
  2142 | D:2      | Noticed Natasha
  2155 | D:2      | Killed Natasha
  2438 | D:2      | Noticed Sigmund
  2466 | D:2      | Killed Sigmund
  2466 | D:2      | Reached skill level 5 in Long Blades
  2466 | D:2      | Reached XP level 6. HP: 24/42 MP: 6/6
  2571 | D:2      | Found a runed door.
  2728 | D:2      | Noticed Crazy Yiuf
  2734 | D:2      | Killed Crazy Yiuf
  2824 | D:3      | Reached XP level 7. HP: 31/46 MP: 7/7
  3189 | D:3      | Reached skill level 6 in Long Blades
  4420 | D:4      | Found an opulent altar of Gozag.
  4420 | D:4      | Noticed Edmund
  4436 | D:4      | Reached skill level 5 in Armour
  4454 | D:4      | Killed Edmund
  4454 | D:4      | Reached skill level 7 in Long Blades
  4498 | D:4      | Found Myfox's General Store.
  4574 | D:4      | Reached XP level 8. HP: 48/52 MP: 8/8
  4704 | D:4      | Noticed Menkaure
  4716 | D:4      | Killed Menkaure
  5176 | D:5      | Entered Level 5 of the Dungeon
  5199 | D:5      | Reached skill level 8 in Long Blades
  5280 | D:5      | Found a staircase to the Ecumenical Temple.
  5285 | D:5      | Found Lequr's Armour Boutique.
  5293 | D:5      | Bought a +0 helmet of see invisible for 138 gold pieces
  5298 | D:5      | Bought a +0 pair of gloves for 54 gold pieces
  5314 | Temple   | Entered the Ecumenical Temple
  5807 | D:5      | You fall through a shaft!
  6030 | D:5      | Reached XP level 9. HP: 24/59 MP: 9/9
  6244 | D:5      | Found a shimmering altar of Xom.
  6309 | D:5      | Reached skill level 9 in Long Blades
  6377 | D:5      | Found an iron altar of Okawaru.
  6383 | D:5      | Found an ancient bone altar of Kikubaaqudgha.
  6390 | D:5      | Became a worshipper of Warmaster Okawaru
  7286 | D:6      | Reached skill level 5 in Fighting
  7483 | D:6      | Reached skill level 10 in Long Blades
  7920 | D:7      | Reached * piety under Okawaru
  8069 | D:7      | Got a slimy scale mail
  8087 | D:7      | Identified the +5 scale mail of Puesu {rF- Str+6} (You found it on level 7 of the Dungeon)
  8209 | D:7      | Reached skill level 1 in Invocations
  8629 | D:7      | Found a sparkling altar of Nemelex Xobeh.
  8654 | D:7      | Reached XP level 10. HP: 61/67 MP: 11/11
  8973 | D:8      | Reached skill level 11 in Long Blades
  8993 | D:8      | Reached ** piety under Okawaru
  9275 | D:8      | Noticed a death yak
  9276 | D:8      | Noticed a death yak
  9316 | D:8      | Killed a death yak
  9316 | D:8      | Reached *** piety under Okawaru
  9328 | D:8      | Killed a death yak
  9457 | D:8      | Found a staircase to the Lair.
  9458 | D:8      | Noticed a death yak
  9459 | D:8      | Noticed a death yak
  9461 | D:8      | Noticed a death yak
  9491 | D:8      | Killed a death yak
  9491 | D:8      | Reached skill level 12 in Long Blades
  9491 | D:8      | Reached skill level 5 in Invocations
  9491 | D:8      | Reached XP level 11. HP: 54/75 MP: 12/15
  9516 | D:8      | Killed a death yak
  9516 | D:8      | Reached **** piety under Okawaru
  9628 | D:7      | Killed a death yak
 10469 | D:8      | Got a twitching golden ring
 10472 | D:8      | HP: 3/75 [electric eel/bolt of electricity (9)]
 10798 | D:8      | Identified the ring of Xom's Flight of Fancy {rPois rN+ Str+4 Int+5} (You found it on level 8 of the Dungeon)
 11029 | D:9      | Noticed an unseen horror
 11049 | D:9      | Killed an unseen horror
 11049 | D:9      | Reached ***** piety under Okawaru
 11049 | D:9      | Reached skill level 13 in Long Blades
 11051 | D:9      | Received a gift from Okawaru
 11484 | D:9      | Noticed a manticore
 11685 | D:9      | Killed a manticore
 12312 | D:10     | Entered Level 10 of the Dungeon
 12343 | D:9      | Reached XP level 12. HP: 30/80 MP: 14/16
 12546 | D:9      | Reached skill level 14 in Long Blades
 13208 | D:10     | Noticed Sonja
 13257 | D:10     | Killed Sonja
 14614 | D:11     | Reached skill level 15 in Long Blades
 15617 | D:12     | Received a gift from Okawaru
 15620 | D:12     | Got a warped plate armour {god gift}
 15794 | D:12     | Identified the +7 plate armour of Vovum {rN+ Stlth+} (Okawaru gifted it to you on level 12 of the Dungeon)
 16009 | D:12     | Found a staircase to the Orcish Mines.
 16113 | D:12     | Noticed Erolcha
 16130 | D:12     | Killed Erolcha
 16130 | D:12     | Reached XP level 13. HP: 75/86 MP: 11/17
 16205 | D:12     | Reached skill level 10 in Armour
 16502 | D:13     | Reached skill level 16 in Long Blades
 17024 | D:13     | Found a gate to the Vaults.
 17024 | D:13     | Noticed a vault guard
 17024 | D:13     | Noticed a vault guard
 17024 | D:13     | Noticed a vault guard
 17024 | D:13     | Noticed a vault guard
 17024 | D:13     | Noticed a vault guard
 17025 | D:13     | Noticed a vault guard
 17025 | D:13     | Noticed a vault guard
 17025 | D:13     | Noticed a vault guard
 17039 | D:13     | Killed a vault guard
 17050 | D:13     | Killed a vault guard
 17061 | D:13     | Killed a vault guard
 17073 | D:13     | Killed a vault guard
 17080 | D:13     | Killed a vault guard
 17088 | D:13     | Killed a vault guard
 17088 | D:13     | Received a gift from Okawaru
 17100 | D:13     | Killed a vault guard
 17116 | D:13     | Killed a vault guard
 17116 | D:13     | Received a gift from Okawaru
 17116 | D:13     | Reached skill level 17 in Long Blades
 17414 | D:13     | Received a gift from Okawaru
 17934 | D:13     | Reached skill level 1 in Dodging
 17934 | D:13     | Reached XP level 14. HP: 69/92 MP: 18/18
 18567 | D:14     | Received a gift from Okawaru
 18971 | D:14     | Learned a level 1 spell: Apportation
 18973 | D:14     | Learned a level 1 spell: Confusing Touch
 18976 | D:14     | Learned a level 2 spell: Passwall
 18980 | D:14     | Learned a level 3 spell: Regeneration
 19022 | D:14     | Identified a +0 rod of shadows (13/13) (You found it on level 14 of the Dungeon)
 19036 | D:14     | Found a sacrificial altar of Ru.
 19079 | D:14     | Reached skill level 5 in Dodging
 19844 | Orc:1    | Entered Level 1 of the Orcish Mines
 20092 | Orc:1    | Identified the Collected Works on Supportive Talismans
 20118 | Orc:1    | Reached skill level 10 in Fighting
 20121 | Orc:1    | Found Fufasonybir's Antique Armour Emporium.
 20138 | Orc:1    | Bought a pair of runed boots for 252 gold pieces
 20144 | Orc:1    | Bought a spiked buckler for 228 gold pieces
 20154 | Orc:1    | Identified the +1 buckler of Cylaut {rC+} (You bought it in a shop on level 1 of the Orcish Mines)
 20545 | Orc:2    | Entered Level 2 of the Orcish Mines
 20727 | Orc:2    | Received a gift from Okawaru
 20854 | Orc:2    | Noticed a stone giant
 20866 | Orc:2    | Killed a stone giant
 21235 | Orc:2    | Found a roughly hewn altar of Beogh.
 21246 | Orc:2    | Reached XP level 15. HP: 99/103 MP: 19/19
 21571 | Orc:2    | Found Kinguc's Armour Emporium.
 21594 | Orc:2    | Bought the +3 pair of gauntlets of War {Slay+5} for 475 gold pieces
 21749 | Orc:2    | Reached skill level 5 in Shields
 21797 | Orc:2    | Found Nauqua's Distillery.
 21966 | Orc:2    | Bought a potion of invisibility for 120 gold pieces
 21966 | Orc:2    | Bought a potion of might for 60 gold pieces
 21966 | Orc:2    | Bought a potion of cancellation for 120 gold pieces
 22055 | Orc:2    | Noticed Rupert
 22203 | Orc:2    | Killed Rupert
 22342 | Orc:2    | Found a staircase to the Elven Halls.
 22638 | Orc:2    | Learned a level 2 spell: Repel Missiles
 22741 | Orc:2    | Noticed an orc warlord
 22763 | Orc:2    | Killed an orc warlord
 22878 | Orc:2    | Found a roughly hewn altar of Beogh.
 22954 | Orc:2    | Reached skill level 10 in Dodging
 23198 | Orc:2    | Found Luxkiaro's Jewellery Shop.
 23516 | Orc:2    | Found Liefam's Assorted Antiques.
 23647 | Orc:2    | Bought a scroll labeled FAEPUOD BUOXT for 22 gold pieces
 23648 | Orc:2    | Bought an iron ring for 110 gold pieces
 23872 | Lair:1   | Entered Level 1 of the Lair of Beasts
 24103 | Lair:1   | Reached ****** piety under Okawaru
 24164 | Lair:1   | Identified a scroll of acquirement
 24282 | Lair:1   | Noticed Fannar
 24289 | Lair:1   | Killed Fannar
 24499 | Lair:2   | Received a gift from Okawaru
 25194 | Lair:3   | Found a hole to the Spider Nest.
 25279 | Lair:3   | Found a dark tunnel.
 25301 | Volcano  | Entered a volcano
 25514 | Lair:3   | Reached XP level 16. HP: 109/109 MP: 20/20
 26158 | Lair:3   | Reached skill level 10 in Shields
 26923 | Lair:4   | Found a staircase to the Swamp.
 27012 | Lair:4   | Received a gift from Okawaru
 27940 | Lair:5   | Found a blossoming altar of Fedhas.
 28270 | Lair:6   | Entered Level 6 of the Lair of Beasts
 28286 | Lair:6   | Noticed Nessos
 28304 | Lair:6   | Killed Nessos
 28397 | Lair:6   | Found a labyrinth entrance.
 28413 | Lab      | Entered a labyrinth
 28979 | Lair:6   | Found a hide-covered altar of Uskayaw.
 29205 | Lair:6   | Found a staircase to the Slime Pits.
 29415 | Lair:6   | Slain by a 20-headed hydra

Vault maps used:
D:1:      onia_arrival_pyramid
D:2:      chequers_ecumenical_altar_simple_redux, serial_forest,
          infiniplex_forest_lined_3, infiniplex_forest_clump_medium,
          infiniplex_forest_zigzag_1, infiniplex_forest_clump_long,
          infiniplex_forest_end_1, nicolae_gozag_zags_fifth_avenue,
          uniq_natasha, uniq_crazy_yiuf_cottage, uniq_terence, uniq_sigmund
D:4:      kennysheep_little_box, first_bread, serial_shops, shop,
          kennysheep_generic_room_15, uniq_edmund, uniq_menkaure
D:5:      old_standard_altar, minitemple, serial_shops, nicolae_shop_stone,
          kennysheep_generic_room_8
D:6:      kennysheep_generic_room_2
D:7:      kennysheep_mini
D:8:      dpeg_lair_monsters, grunt_ogre_cave, hangedman_abyss_or_decor_slice,
          minivault_14
D:9:      wad_guarded_room, hex_intersection
D:10:     minmay_misc_feat_five, kennysheep_generic_room_9, uniq_sonja
D:12:     orc_0_dummy, uniq_erolcha
D:13:     erik_vaults_2, st_stairs_10, serial_park_tiny_pond
D:14:     nicolae_ru_path_of_blood
Temple:   eino_temple_scatter_basement
Lair:1:   minmay_holes, lemuel_fruit_tree, uniq_fannar
Lair:2:   infiniplex_staircase_pool_2, grunt_megastairs_5
Lair:3:   spider_nest_entry_rubble, special_room, nicolae_volcano_entry_batcave,
          st_stairs_11, minmay_lair_oklob_chamber, lemuel_fruit_fields
Lair:4:   beast_lair_carwin_large_4, minmay_swamp_entry_worms,
          serial_bayou_shore_b
Lair:5:   basic_altar, st_stairs_3
Lair:6:   cheibrodos_lair_end_hotspot, minmay_slime_entry_pillars,
          lab_entry_generic, basic_altar, uniq_nessos
Orc:1:    serial_shops, shop_fountains, mines4_lemuel
Orc:2:    pubby_orc_utopia, uniq_rupert
Lab:      labyrinth_spiral, lab_statue, labyrinth_glass_1, nicolae_lab_grate,
          nicolae_lab_x
Volcano:  volcano_pools

Skill      XL: |  1  2  3  4  5  6  7  8  9 10 11 12 13 14 15 16 |
---------------+-------------------------------------------------+-----
Fighting       | 3 4 5 7 10 | 10.6
Long Blades    | 3 4 5 7 8 10 12 13 15 17 | 17.2
Armour         | 4 5 6 7 9 11 | 11.9
Invocations    | 2 5 6 |  6.1
Dodging        | 1 8 11 12 | 12.9
Shields        | 9 11 | 11.3

Action                   |  1- 3 |  4- 6 |  7- 9 | 10-12 | 13-15 | 16-18 || total
-------------------------+-------+-------+-------+-------+-------+-------++-------
Melee: Long sword        |   106 |   107 |   570 |       |       |       ||   783
       Falchion          |       |       |    33 |   828 |    35 |       ||   896
       Scimitar          |       |       |       |       |  1008 |   402 ||  1410
       Double sword      |       |       |       |       |   216 |       ||   216
       Punch             |       |       |       |       |     1 |       ||     1
       Rapier            |       |       |       |       |       |    13 ||    13
Invok: Heroism           |       |       |       |     8 |    22 |     4 ||    34
       Finesse           |       |       |       |     1 |     2 |       ||     3
Evoke: Wand              |       |     1 |    11 |    12 |       |       ||    24
  Use: Potion            |       |     4 |       |     1 |       |       ||     5
       Scroll            |       |     3 |    12 |     6 |    12 |     8 ||    41
 Stab: Confused          |       |       |     1 |       |       |       ||     1
  Eat: Chunk             |     1 |     5 |    20 |    21 |    26 |       ||    73
       Fruit             |       |       |       |     3 |     5 |    14 ||    22
       Pizza             |       |       |       |       |     1 |     4 ||     5
Armor: Scale mail        |    54 |       |       |       |       |       ||    54
       Chain mail        |       |    54 |    73 |       |       |       ||   127
       Plate armour      |       |       |   194 |   313 |   519 |    88 ||  1114
       Crystal plate arm |       |       |       |       |       |   109 ||   109
Dodge: Dodged            |    61 |    26 |   101 |   127 |   641 |   257 ||  1213
Block: Shield            |    67 |    62 |   285 |   278 |   146 |       ||   838
       Buckler           |       |       |       |       |   323 |   202 ||   525
       Reflection        |       |       |       |       |    12 |     5 ||    17
       Rpst.: Long sword |    18 |     6 |    34 |       |       |       ||    58
       Falchion          |       |       |       |    34 |     2 |       ||    36
       Scimitar          |       |       |       |       |   127 |    60 ||   187
       Double sword      |       |       |       |       |    22 |       ||    22
